 Dungeon Crawl Stone Soup version 0.22.0-75-g3901e7991e (webtiles) character file.

114 Kaderl the Covered (level 5, -1/41 HPs)
             Began as a Human Fighter on Sept 13, 2018.
             Slain by a gnoll
             ... wielding a +0 spear
              (4 damage)
             ... on level 3 of the Dungeon.
             The game lasted 00:05:24 (1603 turns).

Kaderl the Covered (Human Fighter)                  Turns: 1603, Time: 00:05:24

Health: -1/41      AC:  8    Str: 18    XL:     5   Next: 18%
Magic:  5/5        EV:  5    Int:  8    God:
Gold:   147        SH: 10    Dex: 12    Spells: 4/4 levels left

rFire    . . .     SeeInvis .   a - +1 war axe
rCold    . . .     Gourm    .   c - +1 shield
rNeg     . . .     Faith    .   k - -2 chain mail (curse)
rPois    .         Spirit   .   (no helmet)
rElec    .         Reflect  .   (no cloak)
rCorr    .         Harm     .   n - +0 pair of gloves
MR       .....                  (no boots)
Stlth    ..........             (no amulet)
HPRegen  0.13/turn              (no ring)
MPRegen  0.09/turn              (no ring)

@: drained
A: no striking features
a: no special abilities


You were on level 3 of the Dungeon.
You were not hungry.

You visited 1 branch of the dungeon, and saw 3 of its levels.

You collected 147 gold pieces.

Inventory:

Hand Weapons
 a - a +1 war axe (weapon)
Armour
 b - a +0 scale mail
 c - a +1 shield (worn)
 k - a cursed -2 chain mail (worn)
 n - a +0 pair of gloves (worn)
Jewellery
 i - a cursed -3 ring of intelligence {unknown}
 j - a cursed ring of teleportation {unknown}
Scrolls
 e - 2 scrolls of teleportation
 m - a scroll of immolation {unknown}
Potions
 d - 2 potions of might
 g - a potion of haste {unknown}
 h - 3 potions of lignification {unknown}
 l - a potion of heal wounds {unknown}
Comestibles
 f - 2 rations


   Skills:
 + Level 3.4(3.2) Fighting
 + Level 3.4(3.2) Axes
 + Level 3.5(3.3) Armour
 + Level 0.6(0.4) Dodging
 + Level 0.7(0.5) Stealth
 + Level 3.5(3.2) Shields


You had 4 spell levels left.
You didn't know any spells.
Your spell library was empty.

Dungeon Overview and Level Annotations

Branches:
Dungeon (3/15)

Altars:
Fedhas
Kikubaaqudgha
Ru


Message History

You barely miss the gnoll. You block the gnoll's attack.
The gnoll hits you but does no damage.
You barely miss the gnoll. You slash the gnoll! You block the gnoll's attack.
The gnoll hits you. The gnoll hits you with a spear.
You closely miss the gnoll. You hit the gnoll but do no damage.
The gnoll hits you.
* * * LOW HITPOINT WARNING * * *
You block the gnoll's attack. The gnoll hits you but does no damage.
You hit the gnoll but do no damage. You hit the gnoll.
You kill the gnoll!
The gnoll hits you with a spear.
* * * LOW HITPOINT WARNING * * *
The gnoll hits you with a spear.
* * * LOW HITPOINT WARNING * * *
Your shield and chain mail prevent you from hitting the gnoll.
The gnoll hits you but does no damage.
You slash the gnoll!
The gnoll is severely wounded.
The gnoll hits you with a spear.
You die...

#...###....#
#+##+#...+.#....#
.........#.#....#
................#
................#
...........>....#
.?...!...##.....#
....<.g@........#
.....?....#.....#
######....#.....########
#<...#.######......
#...##.##..........
#...##....##.......
#...####..##.......
##### #..##.......
###..##.......


You could see a gnoll.

Vanquished Creatures
  5 gnolls (D:3)
  An adder (D:2)
  An ooze (D:1)
  A worm (D:2)
  5 dart slugs
  A leopard gecko (D:1)
  2 orcs (D:3)
  A ball python (D:3)
  A giant cockroach (D:2)
  4 goblins
  3 hobgoblins
  6 kobolds
  2 quokkas (D:3)
  2 bats
  2 frilled lizards (D:1)
  5 rats
42 creatures vanquished.

Notes
Turn   | Place    | Note
-------+----------+-------------------------------------------
     0 | D:1      | Kaderl the Human Fighter began the quest for the Orb.
     0 | D:1      | Reached XP level 1. HP: 18/18 MP: 1/1
     2 | D:1      | Noticed a tengu
     2 | D:1      | Noticed a minotaur
     6 | D:1      | Noticed a merfolk
     6 | D:1      | Noticed a draconian
     8 | D:1      | Noticed a formicid
     8 | D:1      | Noticed an octopode
    10 | D:1      | Noticed a demonspawn
    10 | D:1      | Noticed a gargoyle
    12 | D:1      | Noticed a vine stalker
    12 | D:1      | Noticed a troll
    14 | D:1      | Noticed a halfling
    16 | D:1      | Noticed an ogre
    16 | D:1      | Noticed a spriggan
    18 | D:1      | Noticed a felid
    18 | D:1      | Noticed a centaur
    20 | D:1      | Noticed a human
    20 | D:1      | Noticed a demigod
    22 | D:1      | Noticed a naga
    22 | D:1      | Noticed a vampire
    24 | D:1      | Noticed a ghoul
    24 | D:1      | Noticed a dwarf
    27 | D:1      | Noticed an elf
    96 | D:1      | Reached XP level 2. HP: 21/24 MP: 2/2
   290 | D:1      | Reached XP level 3. HP: 24/29 MP: 3/3
   949 | D:2      | Found a sacrificial altar of Ru.
  1061 | D:2      | Reached XP level 4. HP: 13/35 MP: 4/4
  1297 | D:3      | Found a blossoming altar of Fedhas.
  1395 | D:3      | Found an ancient bone altar of Kikubaaqudgha.
  1596 | D:3      | Reached XP level 5. HP: 32/41 MP: 5/5
  1601 | D:3      | HP: 2/41 [gnoll/spear (4)]
  1603 | D:3      | Slain by a gnoll

Skill      XL: |  1  2  3  4 |
---------------+-------------+-----
Axes           | 3 |  3.4
Fighting       | |  3.4
Armour         | |  3.5
Dodging        | |  0.6
Stealth        | |  0.7
Shields        | |  3.5

Action                   |  1- 3 |  4- 6 || total
-------------------------+-------+-------++-------
Melee: War axe           |    95 |    59 ||   154
  Use: Scroll            |     8 |       ||     8
  Eat: Ration            |     1 |       ||     1
Armor: Scale mail        |    43 |       ||    43
       Chain mail        |     6 |    31 ||    37
Dodge: Dodged            |    21 |     4 ||    25
Block: Shield            |    49 |    27 ||    76
